Map: Apotheosis LE

Players

churchillwin

  • Race: Zerg Zerg
  • League: Gold
  • Spawn Location: 11:00

Fropez - Winner!

  • Race: Protoss Protoss
  • League: Gold
  • Spawn Location: 5:00

VOD

Have the link to the VOD?

Description

Time

  • Played on: Oct. 2, 2016, 8:29 p.m.
  • Length: 17:42
Show
View Real Time Build Order
Export as new Build Order

churchillwin Zerg 

Build Orders: Pool First 

Get SALT Encoding   

  12  0:01  Drone  
  13  0:08  Drone  
  14  0:18  Extractor  
  14  0:20  Extractor, Drone  
  13  0:22  Drone  
  16  0:37  Spawning Pool  
  15  0:44  Overlord  
  15  1:07  Hatchery  
  15  1:08  Drone  
  15  1:12  Drone  
  15  1:15  Drone  
  17  1:24  Drone  
  18  1:30  Queen  
  20  1:43  Roach Warren  
  20  1:46  Extractor, Drone  
  19  1:59  Drone  
  20  2:04  Drone  
  20  2:05  Drone  
  22  2:23  Extractor  
  21  2:32  Drone x2  
  21  2:33  Drone x2  
  21  2:35  Extractor  
  24  2:41  Extractor  
  23  2:46  Roach x2  
  23  2:51  Overlord  
  27  2:58  Drone  
  28  3:00  Overlord  
  28  3:18  Roach x3  
  28  3:19  Roach  
  36  3:27  Drone x2  
  36  3:33  Roach  
  40  3:45  Spore Crawler  
  37  3:52  Spore Crawler  
  36  3:58  Roach  
  36  3:59  Roach  
  40  4:04  Queen x2  
  44  4:17  Overlord x2  
  44  4:36  Drone x3  
  44  4:37  Drone x2  
  49  4:56  Drone x3  
  52  5:03  Drone x2  
  54  5:10  Pneumatized Carapace  
  54  5:13  Lair  
  54  5:17  Drone x2  
  54  5:20  Drone  
  57  5:28  Drone  
  58  5:45  Roach  
  60  5:51  Overlord  
  60  5:52  Overlord x2  
  60  5:57  Spine Crawler  
  59  6:18  Roach x2  
  63  6:25  Hydralisk Den  
  62  6:52  Roach x3  
  66  7:26  Hydralisk x5  
  76  7:31  Lurker Den  
  76  7:34  Overlord  
  76  7:52  Queen x2  
  76  7:54  Drone x3  
  83  8:05  Hatchery  
  83  8:10  Overseer  
  82  8:52  Hydralisk  
  82  8:54  Overlord x3  
  82  8:55  Overlord x2  
  84  9:01  Hatchery  
  78  9:20  Hydralisk  
  78  9:21  Hydralisk x3  
  68  9:49  Drone x6  
  68  9:52  Queen x2  
  77  10:04  Hydralisk x4  
  85  10:07  Queen  
  87  10:23  Hydralisk  
  87  10:25  Hydralisk x3  
  95  10:31  Hydralisk x5  
  95  10:33  Roach Warren  
  104  10:51  Drone x4  
  104  10:52  Drone x7  
  115  11:10  Drone, Spore Crawler  
  115  11:11  Hydralisk x3, Drone x2  
  117  11:15  Zergling x6  
  126  11:19  Spore Crawler  
  118  12:02  Drone x4  
  118  12:03  Drone x6  
  118  12:04  Drone x2  
  130  12:18  Extractor  
  130  12:21  Extractor  
  128  12:26  Overseer  
  122  12:30  Hydralisk  
  122  12:32  Hatchery  
  94  12:53  Overseer  
  92  13:06  Roach x2  
  92  13:07  Roach x4  
  104  13:20  Roach x2  
  104  13:21  Zergling x6  
  111  13:38  Queen  
  111  13:39  Hydralisk x3  
  111  13:40  Roach  
  121  13:42  Zergling x8  
  121  13:43  Zergling x2  
  126  14:02  Roach x3  
  132  14:03  Roach x2  
  132  14:04  Overlord  
  132  14:05  Overlord x4  
  132  14:44  Roach x3  
  132  14:45  Roach  
  140  15:01  Hydralisk x5  
  140  15:02  Hydralisk  
  152  15:14  Spine Crawler x2  
  151  15:17  Spine Crawler  
  147  15:21  Spine Crawler  
  104  16:36  Hatchery  
  91  16:59  Hatchery  
Show
View Real Time Build Order
Export as new Build Order

Fropez Protoss - Winner!

Build Orders:  

Get SALT Encoding   

  12  0:01  Probe (Chrono Boost)  
  13  0:15  Pylon  
  13  0:26  Probe (Chrono Boost)  
  14  0:35  Gateway  
  14  0:37  Probe (Chrono Boost)  
  15  0:47  Probe (Chrono Boost)  
  16  0:58  Probe (Chrono Boost), Assimilator  
  17  1:08  Probe (Chrono Boost)  
  17  1:11  Pylon  
  18  1:19  Probe (Chrono Boost)  
  19  1:28  Cybernetics Core  
  19  1:29  Probe (Chrono Boost)  
  20  1:42  Gateway  
  20  1:49  Probe (Chrono Boost)  
  20  1:50  Pylon  
  21  1:59  Probe (Chrono Boost)  
  22  2:04  Assimilator  
  22  2:11  Mothership Core (Chrono Boost)  
  24  2:17  Warp Gate  
  24  2:34  Gateway  
  24  2:35  Pylon, Probe (Chrono Boost)  
  25  2:45  Probe (Chrono Boost)  
  26  2:56  Probe (Chrono Boost)  
  27  3:13  Nexus  
  27  3:19  Probe (Chrono Boost)  
  27  3:53  Probe (Chrono Boost)  
  28  4:04  Probe (Chrono Boost)  
  28  4:06  Twilight Council  
  28  4:08  Pylon  
  29  4:14  Pylon, Probe (Chrono Boost)  
  30  4:25  Probe (Chrono Boost)  
  30  4:26  Probe (Chrono Boost)  
  32  4:35  Probe (Chrono Boost)  
  32  4:37  Probe (Chrono Boost)  
  34  4:39  Stalker  
  34  4:40  Stalker x2  
  40  4:45  Probe (Chrono Boost)  
  40  4:46  Probe (Chrono Boost)  
  40  4:47  Blink (Chrono Boost)  
  42  4:55  Pylon  
  42  4:57  Probe  
  42  4:58  Probe  
  43  5:04  Stalker x3  
  43  5:05  Assimilator  
  50  5:12  Probe x2  
  52  5:19  Robotics Facility  
  52  5:23  Probe  
  52  5:25  Probe, Dark Shrine  
  54  5:33  Probe, Assimilator  
  55  5:46  Stalker x2  
  55  5:47  Stalker  
  61  6:09  Warp Prism  
  63  6:15  Stalker x3  
  69  6:37  Probe  
  69  6:38  Probe  
  69  7:14  Nexus  
  57  7:28  Adept x2  
  57  7:29  Adept  
  59  7:43  Gateway x2  
  59  7:44  Gateway  
  59  7:47  Gateway  
  59  7:50  Gateway, Dark Templar  
  59  7:51  Dark Templar x2  
  65  7:52  Gateway  
  65  7:53  Gateway  
  65  7:55  Gateway  
  53  8:48  Adept x2  
  53  8:49  Adept x4  
  53  8:50  Adept x4  
  71  9:03  Pylon  
  71  9:04  Pylon  
  71  9:08  Assimilator  
  65  9:10  Assimilator  
  65  9:12  Pylon  
  65  9:13  Adept x5  
  65  9:14  Adept x3  
  65  9:15  Adept  
  63  9:42  Probe  
  63  9:43  Probe x2  
  64  9:49  Pylon  
  64  9:52  Forge, Probe  
  56  9:53  Forge, Probe  
  56  9:55  Immortal  
  56  9:57  Pylon  
  56  9:58  Probe  
  63  10:15  Probe  
  63  10:16  Probe  
  63  10:19  Mothership Core  
  63  10:25  Protoss Ground Weapons Level 1 (Chrono Boost)  
  63  10:30  Protoss Ground Armor Level 1 (Chrono Boost)  
  63  10:37  Stalker x3  
  63  10:38  Stalker x5  
  63  10:39  Stalker x3  
  85  10:50  Probe  
  85  10:51  Probe x2  
  85  10:52  Pylon  
  85  10:57  Pylon  
  88  11:02  Probe  
  88  11:03  Probe  
  90  11:06  Nexus  
  90  11:07  Observer  
  91  11:14  Probe  
  91  11:15  Probe  
  93  11:28  Pylon, Observer  
  93  11:30  Pylon  
  94  11:59  Stalker x4  
  94  12:00  Stalker x6  
  94  12:01  Stalker  
  114  12:14  Protoss Ground Armor Level 2 (Chrono Boost), Protoss Ground Weapons Level 2 (Chrono Boost)  
  100  12:41  Stalker  
  100  12:42  Stalker x6  
  100  12:43  Stalker x4  
  103  12:49  Probe  
  103  12:50  Probe x3  
  97  13:06  Probe x2  
  97  13:08  Resonating Glaives, Probe  
  97  13:10  Probe  
  101  13:14  Assimilator  
  101  13:20  Assimilator  
  101  13:25  Adept x5  
  101  13:26  Adept x5  
  121  13:27  Adept  
  123  13:43  Probe x2  
  123  13:45  Probe x2  
  127  13:55  Probe x2  
  128  14:08  Probe x2  
  130  14:11  Adept x6  
  130  14:12  Adept x5  
  152  15:06  Stalker x5  
  162  15:07  Stalker x6  
  162  15:14  Protoss Ground Weapons Level 3 (Chrono Boost), Protoss Ground Armor Level 3 (Chrono Boost)  
  158  15:53  Stalker x5  
  158  15:54  Stalker x6  
  140  16:23  Probe x2  
  140  16:24  Probe  
  141  16:34  Stalker x3  
  141  16:35  Nexus, Stalker x6  
  141  16:36  Stalker x2  
  141  16:39  Assimilator  
  149  16:42  Assimilator  
  149  16:45  Pylon  
  149  16:46  Pylon  
  149  16:47  Pylon  
Tags
 
League
GoldGold
Matchup
PvZ
Opening
Pool First
Replay Pack
All Mines
Spawn Locations
Cross Positions
Add a new tag
Caveats
  • Supply blocks, unpowered buildings, or Contaminate may cause inaccurate times.
  • Supply counts are checked every 10 seconds.